 Dungeon Crawl Stone Soup version 0.18.1-50-g88ac8fd (webtiles) character file.

6253 turokix the Thaumaturge (level 10, -1/59 HPs)
             Began as a Gargoyle Earth Elementalist on Oct 9, 2016.
             Was an Elder of Vehumet.
             Engulfed by a steam dragon's steam (11 damage)
             ... on level 9 of the Dungeon.
             The game lasted 00:30:27 (9254 turns).

turokix the Thaumaturge (GrEE)                      Turns: 9254, Time: 00:30:28

Health: -1/59      AC: 16    Str: 12    XL:     10   Next: 93%
Magic:  1/31       EV: 13    Int: 19    God:    Vehumet [****..]
Gold:   513        SH:  4    Dex: 10    Spells: 4 memorised, 14 levels left

rFire  . . .     SeeInvis +     y - +8 spear "Newtslayer" {speed, +Inv rElec MP+9}
rCold  + . .     Gourm    .     a - +0 robe
rNeg   + . .     Faith    .     h - +0 buckler
rPois  ∞         Spirit   .     r - +0 helmet
rElec  +         Dismiss  .     m - +1 cloak
rCorr  .         Reflect  .     (no gloves)
SustAt .         Harm     .     G - +2 pair of boots
MR     .....                    (no amulet)
Stlth  ++........               v - ring of protection from cold
                                i - ring of see invisible

@: not resistant to hostile enchantments, unstealthy
A: negative energy resistance 1, electricity resistance, unbreathing,
petrification resistance, rot immunity, AC +7
a: Renounce Religion, Evoke Invisibility


You were on level 9 of the Dungeon.
You worshipped Vehumet.
Vehumet was greatly pleased with you.
You were not hungry.

You visited 1 branch of the dungeon, and saw 10 of its levels.

You collected 513 gold pieces.

Inventory:

Hand Weapons
 s - a +1 flail
 y - the +8 spear "Newtslayer" (weapon) {speed, +Inv rElec MP+9}
   (You found it on level 6 of the Dungeon)

   Attacks with this weapon are significantly faster.
   It insulates you from electricity.
   It affects your magic capacity (+9).
   It lets you turn invisible.
Missiles
 b - 57 stones (quivered)
Armour
 a - a +0 robe (worn)
 e - a +0 leather armour
 h - a +0 buckler (worn)
 j - a +3 ring mail
 m - a +1 cloak (worn)
 r - a +0 helmet (worn)
 G - a +2 pair of boots (worn)
Jewellery
 i - a ring of see invisible (left hand)
 v - a ring of protection from cold (right hand)
 z - an uncursed ring of sustain attributes
Wands
 w - a wand of slowing (23/48)
 E - a wand of digging (10/24)
Scrolls
 c - a scroll of teleportation
 p - a scroll of fear
 x - 3 scrolls of fog
 B - a scroll of amnesia
 D - a scroll of blinking
 F - a scroll of remove curse
Potions
 f - a potion of cancellation
 g - 3 potions of flight
 n - a potion of brilliance
 o - a potion of heal wounds
 u - a potion of magic
 A - a potion of might {unknown}
Comestibles
 d - 8 bread rations
 k - 2 beef jerkies
 l - 9 meat rations
 t - 7 fruits


   Skills:
 + Level 5.1 Fighting
 - Level 2.8 Maces & Flails
 - Level 5.0 Armour
 + Level 4.0 Dodging
 - Level 2.1 Stealth
 + Level 4.4 Shields
 * Level 8.2 Spellcasting
 + Level 5.7 Conjurations
   Level 0.7 Transmutations
 + Level 2.3 Fire Magic
 + Level 8.1 Earth Magic
 + Level 3.5 Evocations


You had 14 spell levels left.
You knew the following spells:

 Your Spells              Type           Power        Failure   Level  Hunger
a - Sandblast             Erth           #####.       1%          1    None
b - Stone Arrow           Conj/Erth      ####..       1%          3    None
c - Lee's Rapid Deconstr  Erth           #####.....   3%          5    #####..
d - Throw Flame           Conj/Fire      ###...       1%          2    None


Dungeon Overview and Level Annotations

Branches:
Dungeon (10/15)            Temple (0/1) D:6            Lair (0/8) D:8
    Orc: D:9-12

Altars:
Dithmenos
Elyvilon
Fedhas
Gozag
Kikubaaqudgha
Makhleb
Qazlal
Ru
Trog
Vehumet
Yredelemnul
Zin

Annotations:
D:9 monkey2's ghost, novice MiBe


Innate Abilities, Weirdness & Mutations

You are resistant to torment.
Your stone body is resilient (AC +7).
You are immune to poison.
You resist negative energy.
You are resistant to electric shocks.
You can survive without breathing.
You are immune to petrification.
You are immune to rotting.


Message History

The steam dragon is heavily wounded.
The steam dragon breathes steam at you. The ball of steam hits you!
* * * LOW HITPOINT WARNING * * *
Casting: Stone Arrow
Confirm with . or Enter, or press ? or * to list all spells.
Aiming: Stone Arrow
Press: ? - help, Shift-Dir - straight line, f/p - steam dragon
Aim: a steam dragon (steam, heavily wounded, catching its breath)
The stone arrow misses the steam dragon.
You are engulfed in a cloud of scalding steam.
Casting: Stone Arrow
Confirm with . or Enter, or press ? or * to list all spells.
Aiming: Stone Arrow
Press: ? - help, Shift-Dir - straight line, f/p - steam dragon
Aim: a steam dragon (steam, heavily wounded, catching its breath)
The stone arrow hits the steam dragon.
The steam dragon is almost dead.
You are engulfed in a cloud of scalding steam.
You die...

#######
##.....############
#######.#..........
# ###
###>#####..#...#####
.. ... #8.@.8#
##.....## .# #.#
#.§§§.###.......# .#
#.#
#_.§D§._#......#.#
.# #.#
##.§§§.###...#.#.#
.# #.#########8...8#
##.##.#.#
.###........##.....#
####.#.#
.........>###8.....8
#.#.# ..#####.#.#
##.....## #.#<# #.#
#.#.# #.#.#


You could see a steam dragon.

Vanquished Creatures
  Grinder (D:3)
  2 wyverns (D:10)
  3 yaks (D:9)
  A hungry ghost (D:8)
  5 orc warriors
  A sky beast (D:6)
  An eye of draining (D:9)
  2 ice beasts (D:5)
  3 phantoms
  2 wasps
  6 ogres
  5 centaurs
  Blork the orc (D:4)
  4 giant frogs
  3 jellies
  7 scorpions
  15 killer bees
  6 howler monkeys
  An electric eel (D:10)
  4 crimson imps
  2 centaur skeletons (D:4)
  5 hounds
  4 orc priests
  13 orc wizards
  7 worker ants
  A statue (D:4)
  A worker ant zombie (D:6)
  Robin (D:3)
  A gnoll (D:5)
  11 adders
  2 river rats (D:8)
  An adder zombie (D:8)
  2 adder skeletons
  A worm (D:3)
  2 dart slugs
  8 giant geckos
  27 orcs
  3 ball pythons
  21 bats
  5 giant cockroaches
  21 goblins
  5 hobgoblins
  9 jackals
  10 kobolds
  3 quokkas
  A giant cockroach zombie (D:6)
  2 jackal skeletons
  A quokka skeleton (D:4)
  23 rats
266 creatures vanquished.

Vanquished Creatures (others)
  An orc wizard (D:8)
1 creature vanquished.

Grand Total: 267 creatures vanquished

Notes
Turn   | Place    | Note
--------------------------------------------------------------
     0 | D:1      | turokix the Gargoyle Earth Elementalist began the quest for the Orb.
     0 | D:1      | Reached XP level 1. HP: 10/10 MP: 3/3
   200 | D:1      | Reached XP level 2. HP: 6/15 MP: 0/5
   631 | D:1      | Reached XP level 3. HP: 15/19 MP: 1/7
   653 | D:1      | Learned a level 3 spell: Stone Arrow
  1665 | D:2      | Reached XP level 4. HP: 22/24 MP: 0/8
  2132 | D:2      | Reached skill level 1 in Conjurations
  2288 | D:3      | Noticed Grinder
  2292 | D:3      | Noticed Robin
  2417 | D:3      | Killed Grinder
  2417 | D:3      | Reached skill level 5 in Earth Magic
  2417 | D:3      | Reached XP level 5. HP: 23/28 MP: 5/11
  2417 | D:3      | Reached XP level 6. HP: 26/32 MP: 5/12
  2437 | D:3      | Found a basalt altar of Yredelemnul.
  2527 | D:3      | Found a white marble altar of Elyvilon.
  2740 | D:3      | Killed Robin
  2875 | D:3      | Found a sacrificial altar of Ru.
  3074 | D:4      | Found a radiant altar of Vehumet.
  3133 | D:4      | Became a worshipper of Vehumet
  3620 | D:4      | Noticed a phantom
  3630 | D:4      | Killed a phantom
  3630 | D:4      | Reached skill level 5 in Spellcasting
  3630 | D:4      | Reached XP level 7. HP: 35/36 MP: 7/14
  3921 | D:4      | Reached skill level 1 in Maces & Flails
  3970 | D:4      | Reached skill level 1 in Evocations
  3992 | D:4      | Reached skill level 1 in Armour
  3993 | D:4      | Noticed Blork the orc
  3996 | D:4      | Reached skill level 1 in Fighting
  3998 | D:4      | Reached XP level 8. HP: 25/43 MP: 5/16
  4003 | D:4      | Killed Blork the orc
  4087 | D:4      | Reached skill level 1 in Shields
  4399 | D:5      | Entered Level 5 of the Dungeon
  4411 | D:5      | Found a bloodstained altar of Trog.
  4693 | D:5      | Found an opulent altar of Gozag.
  4979 | D:5      | Found a burning altar of Makhleb.
  4984 | D:5      | Found a glowing silver altar of Zin.
  4985 | D:5      | Noticed a green death
  4985 | D:5      | Noticed an angel
  5470 | D:5      | Reached * piety under Vehumet
  5470 | D:5      | Offered knowledge of Magic Dart by Vehumet.
  5671 | D:6      | Learned a level 5 spell: Lee's Rapid Deconstruction
  5684 | D:6      | Found a sacrificial altar of Ru.
  5755 | D:6      | Reached XP level 9. HP: 49/49 MP: 16/18
  5763 | D:6      | Found a staircase to the Ecumenical Temple.
  5804 | D:6      | Got a translucent spear
  6349 | D:7      | Identified the +8 spear "Newtslayer" {speed, +Inv rElec MP+9} (You found it on level 6 of the Dungeon)
  6407 | D:7      | Found a bloodstained altar of Trog.
  6439 | D:7      | Found a shadowy altar of Dithmenos.
  6574 | D:7      | Found a stormy altar of Qazlal.
  6676 | D:7      | Reached ** piety under Vehumet
  6693 | D:7      | Offered knowledge of Searing Ray by Vehumet.
  7208 | D:8      | Reached skill level 5 in Conjurations
  7307 | D:8      | Reached XP level 10. HP: 30/56 MP: 20/20
  7555 | D:8      | Offered knowledge of Throw Flame by Vehumet.
  7579 | D:8      | Learned a level 2 spell: Throw Flame
  7712 | D:8      | Found a staircase to the Lair.
  7715 | D:8      | Reached *** piety under Vehumet
  8289 | D:9      | Reached skill level 1 in Fire Magic
  8338 | D:9      | Offered knowledge of Throw Icicle by Vehumet.
  8559 | D:9      | Reached skill level 5 in Armour
  8606 | D:9      | Reached skill level 5 in Fighting
  8623 | D:9      | Noticed monkey2's ghost (novice MiBe)
  8651 | D:10     | Entered Level 10 of the Dungeon
  9183 | D:10     | Reached **** piety under Vehumet
  9247 | D:9      | Found an ancient bone altar of Kikubaaqudgha.
  9247 | D:9      | Found a blossoming altar of Fedhas.
  9254 | D:9      | Engulfed by a steam dragon's steam

Skill      XL: |  1  2  3  4  5  6  7  8  9 10 |
---------------+-------------------------------+-----
Earth Magic    | 4 5 6 7 8 |  8.1
Spellcasting   | 3 4 5 6 7 8 |  8.2
Conjurations   | 2 3 4 5 |  5.7
Maces & Flails | 1 2 |  2.8
Evocations     | 1 2 3 |  3.5
Armour         | 1 2 4 5 |  5.0
Fighting       | 1 2 4 5 |  5.1
Dodging        | 2 3 4 |  4.0
Shields        | 2 3 4 |  4.4
Fire Magic     | 2 |  2.3
Stealth        | |  2.1
Transmutations | |  0.7

Action                   |  1- 3 |  4- 6 |  7- 9 | 10-12 || total
-------------------------+-------+-------+-------+-------++-------
Melee: Unarmed           |    22 |       |       |       ||    22
       Club              |    65 |       |       |       ||    65
       Whip              |    18 |    44 |       |       ||    62
       Flail             |       |    17 |    79 |       ||    96
       Spear             |       |       |    56 |   207 ||   263
 Cast: Sandblast         |    67 |   101 |   236 |   138 ||   542
       Stone Arrow       |       |     3 |     3 |    23 ||    29
  Use: Scroll            |    11 |     6 |     6 |     2 ||    25
       Potion            |       |     2 |       |     1 ||     3
 Stab: Sleeping          |       |       |     4 |     1 ||     5
  Eat: Chunk             |     3 |     6 |    12 |     6 ||    27
Armor: Robe              |    67 |    60 |   130 |   107 ||   364
Dodge: Dodged            |   133 |    75 |   141 |   178 ||   527
Block: Buckler           |       |       |    48 |    71 ||   119
